 Dungeon Sprint DCSS version 0.21.0-24-g2553a33 (webtiles) character file.

11700000 letownia2 the Axe Maniac (level 27, -5/249 HPs)
             Began as a Formicid Fighter on Jan 21, 2018.
             Was the Champion of Makhleb.
             Killed by divine providence
             ... invoked by an observer
              (10 damage)
             ... in the Dungeon (Sprint VIII: "Arena of Blood").
             The game lasted 00:04:02 (117 turns).

letownia2 the Axe Maniac (Formicid Fighter)          Turns: 117, Time: 00:04:02

Health: -5/249     AC: 13    Str: 24    XL:     27
Magic:  44/54      EV: 24    Int: 17    God:    Makhleb [******]
Gold:   0          SH: 19    Dex: 11    Spells: 80/80 levels left

rFire    . . .     SeeInvis +   l - +∞ Axe of Woe
rCold    . . .     Gourm    .   c - +0 shield
rNeg     . . .     Faith    .   b - +0 scale mail
rPois    .         Spirit   .   (helmet unavailable)
rElec    .         Reflect  .   (no cloak)
rCorr    .         Harm     .   (no gloves)
MR       ++...                  (no boots)
Stlth    ++++++++..             (no amulet)
HPRegen  0.51/turn              m - +30 ring of slaying
MPRegen  0.34/turn              n - +30 ring of slaying

@: lethally poisoned (-5 -> -14)
A: permanent stasis, dig shafts and tunnels, four strong arms, antennae 3
a: Dig, Minor Destruction, Lesser Servant of Makhleb, Major Destruction, Greater
Servant of Makhleb, Renounce Religion


You were in the Dungeon.
You worshipped Makhleb.
Makhleb was exalted by your worship.
You were not hungry.

You visited 1 branch

Inventory:

Hand Weapons
 a - a +0 war axe
 l - the +∞ Axe of Woe (weapon)
   (You found it in the Dungeon)
Armour
 b - a +0 scale mail (worn)
 c - a +0 shield (worn)
Jewellery
 m - a +30 ring of slaying (left hand)
 n - a +30 ring of slaying (right hand)
Scrolls
 k - a scroll of blinking
Potions
 d - a potion of might
 e - a potion of curing
 g - a potion of heal wounds
 h - a potion of haste
 i - 2 potions of magic
 j - a potion of berserk rage
Comestibles
 f - a ration


   Skills:
 O Level 27 Fighting
 O Level 27 Axes
 O Level 27 Throwing
 O Level 27 Armour
 O Level 27 Dodging
 O Level 27 Stealth
 O Level 27 Shields
 O Level 27 Unarmed Combat
 O Level 27 Spellcasting
 O Level 27 Invocations


You had 80 spell levels left.
You didn't know any spells.

Dungeon Overview and Level Annotations

Branches:
Dungeon (1/1)

Altars:
Makhleb


Innate Abilities, Weirdness & Mutations

You cannot be hasted, slowed, berserked, paralysed or teleported.
You can dig through walls and to a lower floor.
Your four strong arms can wield two-handed weapons with a shield.
You have a pair of large antennae on your head. (SInv)


Message History

The bag of meat convulses!
Unknown command.
Unknown command.
Unknown command.
Unknown command.
You feel sick. The observer gazes at you. Something smites you!
* * * LOW HITPOINT WARNING * * *
You hear a shout! x5
The tyrant gestures wildly while chanting.
The eight-headed meat hydra calls on the powers of darkness!
The eight-headed meat hydra convulses!
The bag of meat convulses!
Your body is wracked with pain!
* * * LOW HITPOINT WARNING * * *
The meat berserker convulses!
The observer convulses!
The meat berserker rages.
The observer gazes at you. Something smites you!
You die...

......#.))))#.......#.
......#_)<)_#.)oO.....
......#..)))#)))...#.#
#.{......_.)))))......
.......)###)O.)).X..#.
..###)).)W))###.....§
O #.D†))).# ......
....#))))).)#.. .....
.......o@....%........
.......XLX.......#...#
........G.......#....#
........WXXX..##...
....#%..L..W.#.....
.........XX..#...##
...##.#..D.... ..
......L.WM.


You could see an accursed (wandering), a tentacled monstrosity, 3 tyrants, 2
eight-headed meat hydras, an observer (invisible), 6 large abominations, a
wretched soul (invisible), 3 dreads, 2 meat berserkers and 2 bags of meat.

Vanquished Creatures
  5 hell beasts (D)
  6 greater mummies (D)
  5 great orbs of eyes (D)
  4 wraiths (D)
  19 vampire knights (D)
  32 ogres (D)
  5 two-headed ogres (D)
  5 liches (D)
  2 hydras (D)
  52 orcs (D)
  3 phantoms (D)
  5 skeletal warriors (D)
  A sea snake (D)
  4 large abominations (D)
  11 small abominations (D)
  12 crawling corpses (D)
171 creatures vanquished.

Vanquished Creatures (others)
  5 crawling corpses (D)
5 creatures vanquished.

Grand Total: 176 creatures vanquished

Notes
Turn   | Place    | Note
-------+----------+-------------------------------------------
     0 | D        | Found the +∞ Axe of Woe
     0 | D        | letownia2 the Formicid Fighter began the quest for the Orb.
     0 | D        | Reached XP level 1. HP: 18/18 MP: 1/1
     2 | D        | Became a worshipper of Makhleb the Destroyer
     3 | D        | Noticed a bag of meat
     4 | D        | Noticed a bag of meat
     4 | D        | Noticed a meat berserker
     4 | D        | Noticed a bag of meat
     4 | D        | Noticed a bag of meat
     4 | D        | Noticed a meat berserker
     5 | D        | Noticed a bag of meat
     6 | D        | Noticed a bag of meat
     6 | D        | Noticed a bag of meat
     7 | D        | Noticed a bag of meat
     7 | D        | Noticed a bag of meat
     7 | D        | Noticed a meat berserker
     7 | D        | Killed a meat berserker
     7 | D        | Reached XP level 2. HP: 35/52 MP: 2/2
     7 | D        | Reached XP level 3. HP: 40/59 MP: 3/3
     7 | D        | Reached XP level 4. HP: 45/66 MP: 4/4
     7 | D        | Reached XP level 5. HP: 49/73 MP: 5/5
     7 | D        | Reached XP level 6. HP: 54/80 MP: 6/6
     7 | D        | Reached XP level 7. HP: 59/87 MP: 7/7
     7 | D        | Reached XP level 8. HP: 64/94 MP: 8/8
     7 | D        | Reached XP level 9. HP: 68/100 MP: 9/9
     7 | D        | Reached XP level 10. HP: 73/108 MP: 10/10
     7 | D        | Reached XP level 11. HP: 77/114 MP: 11/11
     7 | D        | Reached XP level 12. HP: 83/122 MP: 12/12
     7 | D        | Reached XP level 13. HP: 87/128 MP: 13/13
     7 | D        | Killed a bag of meat
     7 | D        | Reached * piety under Makhleb
     7 | D        | Reached XP level 14. HP: 94/139 MP: 14/14
     8 | D        | Killed a meat berserker
     8 | D        | Reached XP level 15. HP: 63/152 MP: 15/15
     9 | D        | Reached XP level 16. HP: 67/160 MP: 16/16
     9 | D        | Reached ** piety under Makhleb
    10 | D        | Noticed a meat berserker
    10 | D        | Killed a meat berserker
    10 | D        | Reached skill level 27 in Axes
    10 | D        | Reached XP level 17. HP: 167/167 MP: 17/17
    10 | D        | Reached *** piety under Makhleb
    10 | D        | Reached skill level 10 in Invocations
    10 | D        | Reached XP level 18. HP: 175/175 MP: 17/31
    11 | D        | Killed a meat berserker
    12 | D        | Reached **** piety under Makhleb
    12 | D        | Reached skill level 27 in Shields
    12 | D        | Reached skill level 15 in Spellcasting
    12 | D        | Reached XP level 19. HP: 188/188 MP: 17/38
    12 | D        | Reached skill level 27 in Fighting
    15 | D        | Reached skill level 27 in Armour
    15 | D        | Reached XP level 20. HP: 197/197 MP: 18/44
    16 | D        | Noticed a meat berserker
    17 | D        | Reached ***** piety under Makhleb
    18 | D        | Noticed a large bag of meat
    20 | D        | Killed a meat berserker
    20 | D        | Reached XP level 21. HP: 204/204 MP: 19/51
    21 | D        | Noticed a meat berserker
    21 | D        | Noticed a destroyer
    22 | D        | Noticed a destroyer
    23 | D        | Noticed a meat berserker
    24 | D        | Noticed a meat berserker
    26 | D        | Killed a destroyer
    26 | D        | Reached skill level 27 in Dodging
    26 | D        | Reached skill level 27 in Spellcasting
    27 | D        | Killed a meat berserker
    27 | D        | Reached XP level 22. HP: 212/212 MP: 21/53
    29 | D        | Killed a large bag of meat
    29 | D        | Reached ****** piety under Makhleb
    29 | D        | Reached XP level 23. HP: 219/219 MP: 21/54
    30 | D        | Killed a destroyer
    30 | D        | Reached skill level 27 in Stealth
    30 | D        | Reached skill level 27 in Invocations
    33 | D        | Noticed a destroyer
    33 | D        | Noticed a destroyer
    35 | D        | Noticed a destroyer
    35 | D        | Reached skill level 27 in Throwing
    35 | D        | Reached skill level 27 in Unarmed Combat
    35 | D        | Reached XP level 24. HP: 227/227 MP: 23/54
    39 | D        | Reached XP level 25. HP: 234/234 MP: 24/54
    41 | D        | Noticed a destroyer
    42 | D        | Killed a destroyer
    42 | D        | Reached XP level 26. HP: 242/242 MP: 25/54
    43 | D        | Noticed a large bag of meat
    43 | D        | Noticed a destroyer
    44 | D        | Noticed a large bag of meat
    44 | D        | Killed a destroyer
    44 | D        | Reached XP level 27. HP: 249/249 MP: 25/54
    45 | D        | Killed a destroyer
    47 | D        | Noticed an accursed
    47 | D        | Killed a destroyer
    48 | D        | Noticed a large bag of meat
    48 | D        | Noticed a destroyer
    49 | D        | Killed an accursed
    49 | D        | Killed a destroyer
    52 | D        | Noticed a destroyer
    52 | D        | Noticed a destroyer
    53 | D        | Killed a destroyer
    54 | D        | Noticed an accursed
    54 | D        | Killed a large bag of meat
    55 | D        | Noticed a destroyer
    57 | D        | Noticed a tyrant
    58 | D        | Noticed a destroyer
    59 | D        | Noticed a destroyer
    59 | D        | Killed a destroyer
    61 | D        | Killed a large bag of meat
    61 | D        | Killed a large bag of meat
    64 | D        | Killed a destroyer
    66 | D        | Killed a destroyer
    66 | D        | Killed a tyrant
    67 | D        | Noticed a dread
    68 | D        | Killed a dread
    70 | D        | Noticed a destroyer
    70 | D        | Noticed a dread
    70 | D        | Noticed a meat beast
    71 | D        | Killed an accursed
    71 | D        | Killed a destroyer
    72 | D        | Noticed a destroyer
    73 | D        | Noticed a tyrant
    73 | D        | Noticed a destroyer
    74 | D        | Noticed a meat beast
    75 | D        | Noticed a destroyer
    75 | D        | Noticed a tyrant
    75 | D        | Killed a meat beast
    76 | D        | Noticed a dread
    77 | D        | Killed a destroyer
    77 | D        | Killed a destroyer
    78 | D        | Killed a destroyer
    78 | D        | Killed a meat beast
    80 | D        | Killed a destroyer
    82 | D        | Killed a tyrant
    82 | D        | Killed a dread
    83 | D        | Noticed a destroyer
    83 | D        | Noticed a meat beast
    83 | D        | Noticed a large bag of meat
    83 | D        | Killed a meat beast
    84 | D        | Killed a destroyer
    86 | D        | Killed a destroyer
    87 | D        | Killed a tyrant
    88 | D        | Killed a large bag of meat
    93 | D        | Noticed a dread
    93 | D        | Noticed an accursed
    94 | D        | Noticed a meat beast
    94 | D        | Killed a dread
    94 | D        | Noticed a tyrant
    95 | D        | Killed a meat beast
    96 | D        | Noticed a meat beast
    97 | D        | Noticed a tyrant
    97 | D        | Noticed a tyrant
    98 | D        | Noticed a destroyer
    99 | D        | Noticed an accursed
   100 | D        | Killed a meat beast
   101 | D        | Noticed an accursed
   101 | D        | Killed a tyrant
   101 | D        | Killed a dread
   102 | D        | Killed an accursed
   103 | D        | Killed a destroyer
   105 | D        | Killed a tyrant
   109 | D        | Noticed a dread
   109 | D        | Noticed an accursed
   110 | D        | Killed an accursed
   111 | D        | Noticed a tyrant
   113 | D        | Noticed a tyrant
   113 | D        | Noticed a dread
   113 | D        | HP: 11/249 [??? (8)]
   114 | D        | Killed an accursed
   114 | D        | Killed an accursed
   115 | D        | Noticed a large bag of meat
   117 | D        | HP: 5/249 [??? (3)]
   117 | D        | Killed from afar by an observer

Skill      XL: |  1  2  3  4  5  6  7  8  9 10 11 12 13 14 15 16 17 18 19 20 21 22 23 |
---------------+----------------------------------------------------------------------+-----
Fighting       | 20 21 24 26 27 | 27.0
Axes           | 11 12 14 19 27 | 27.0
Armour         | 19 20 23 25 27 | 27.0
Shields        | 20 22 24 27 | 27.0
Throwing       | 9 17 21 27 | 27.0
Dodging        | 8 14 19 24 27 | 27.0
Stealth        | 12 21 26 27 | 27.0
Unarmed Combat | 9 17 21 27 | 27.0
Spellcasting   | 9 15 20 26 27 | 27.0
Invocations    | 10 19 24 27 | 27.0

Action                   |  1- 3 |  4- 6 |  7- 9 | 10-12 | 13-15 | 16-18 | 19-21 | 22-24 | 25-27 || total
-------------------------+-------+-------+-------+-------+-------+-------+-------+-------+-------++-------
Melee: Executioner's axe |     1 |       |       |       |     2 |     3 |     6 |     7 |    61 ||    80
 Stab: Distracted        |       |       |       |       |       |       |       |       |     1 ||     1
Armor: Scale mail        |       |       |       |       |       |       |       |       |     4 ||     4
Dodge: Dodged            |       |       |       |       |     1 |       |     1 |       |     4 ||     6
Block: Shield            |       |       |       |       |       |       |     2 |       |     9 ||    11
